 Dungeon Crawl Stone Soup version 0.26.1-11-gd32895ea62 (webtiles) character file.

Game seed: 15293250465686558954

2173 JayTheAdventurer the Sneak (level 9, -4/57 (58) HPs)
             Began as an Octopode Transmuter on June 11, 2021.
             Was a Follower of Sif Muna.
             Slain by a wight
             ... wielding a cursed +0 halberd of venom
              (17 damage)
             ... on level 8 of the Dungeon.
             The game lasted 00:45:35 (11161 turns).

JayTheAdventurer the Sneak (Octopode Transmuter)   Turns: 11161, Time: 00:45:35

HP:   -4/57 (58)    AC:  2    Str: 11    XL:     9   Next: 32%
MP:   15/15         EV: 23    Int: 23    God:    Sif Muna [*.....]
Gold: 532           SH:  0    Dex: 17    Spells: 6/16 levels left

rFire    . . .     SeeInvis .     - Unarmed
rCold    . . .     Faith    .   (shield currently unavailable)
rNeg     . . .     Spirit   .   (helmet currently unavailable)
rPois    x         Reflect  .   (no amulet)
rElec    .         Harm     .   l - +6 ring of intelligence
rCorr    .         Rampage  .   (no ring)
Will     .....                  (no ring)
Stlth    +++.......             (no ring)
HPRegen  0.19/turn              (no ring)
MPRegen  0.14/turn              (no ring)
                                (no ring)
                                (no ring)

@: mighty, lethally poisoned (-4 -> -23), spider-form (expiring), lightly
drained
A: tiny, almost no armour, stealthy swim, (amphibious), 8 rings, (constrict 8)
a: End Transformation, Renounce Religion, Channel Magic


You were on level 8 of the Dungeon.
You worshipped Sif Muna.
Sif Muna was aware of your devotion.
You were a venomous arachnid creature.
You visited 2 branches of the dungeon, and saw 9 of its levels.

You collected 532 gold pieces.

Inventory:

Hand Weapons
 t - a +4 dagger of speed
 F - a +0 arbalest
Missiles
 a - 99 stones
 k - 37 poisoned darts
 A - 8 javelins
Jewellery
 l - a +6 ring of intelligence (left front leg)
 r - an uncursed ring of positive energy
 u - an uncursed ring of protection from fire
Wands
 s - a wand of flame (11)
 w - a wand of enslavement (10)
 y - a wand of random effects (9)
Scrolls
 b - a scroll of fear
 d - 3 scrolls of teleportation
 e - a scroll of blinking
 g - 3 scrolls of amnesia
 h - 2 scrolls of fog
 o - a scroll of magic mapping
 v - a scroll of immolation {unknown}
 C - a scroll of vulnerability {unknown}
 D - a scroll of remove curse
 E - a scroll of enchant armour {unknown}
 G - a scroll of identify
Potions
 c - 4 potions of brilliance
 f - 2 potions of invisibility
 i - 3 potions of flight
 j - 2 potions of resistance
 n - 2 potions of heal wounds
 p - a potion of berserk rage {unknown}
 q - a potion of haste {unknown}
 x - a potion of magic {unknown}
 z - 2 potions of lignification {unknown}
 B - 2 potions of curing


   Skills:
 + Level 4.2 Fighting
 + Level 0.0 Crossbows
 + Level 4.8 Dodging
 + Level 5.4 Stealth
 + Level 5.1 Unarmed Combat
 + Level 4.1 Spellcasting
 + Level 4.5 Transmutations
 + Level 3.2 Ice Magic
 + Level 4.4 Poison Magic
 + Level 3.5 Invocations


You had 6 spell levels left.
You knew the following spells:

 Your Spells              Type           Power        Failure   Level
a - Beastly Appendage     Tmut           50%          7%          1
b - Spider Form           Tmut/Pois      12%          14%         3
c - Wereblood             Tmut           25%          9%          2
d - Ice Form              Ice/Tmut       22%          41%         4

Your spell library contained the following spells:

 Spells                   Type           Power        Failure   Level
 Blade Hands              Tmut           12%          63%         5


Dungeon Overview and Level Annotations

Branches:
Dungeon (8/15)             Temple (1/1) D:4
   Lair: D:8-11

Altars:
Ashenzari
Cheibriados
Dithmenos
Elyvilon
Fedhas
Gozag
Hepliaklqana
Kikubaaqudgha
Makhleb
Nemelex Xobeh
Okawaru
Qazlal
Ru
Sif Muna
Trog
Uskayaw
Vehumet
Wu Jian
Xom
Yredelemnul
Zin
The Shining One

Shops:
D:7 [

Annotations:
D:2 Sigmund


Innate Abilities, Weirdness & Mutations

You cannot wear most types of armour.
You are very stealthy in the water. (Stealth+)
((You are amphibious.))
You can wear up to eight rings at the same time.
((You can use your tentacles to constrict eight enemies at once.))
((Your skin changes colour to match your surroundings (Stealth+).))
((Your rubbery body absorbs attacks. (AC +1, EV +1)))


Message History

You feel sick. The wight closely misses you. The wight completely misses you.
You feel very mighty all of a sudden.
Your transformation is almost over.
You feel sick. The wight barely misses you. The wight misses you.
You barely miss the wight.
The wight is almost destroyed.
You feel sick. The wight completely misses you.
You hit the wight.
You destroy the wight!
Sif Muna accepts your kill.
You feel sick. The wight completely misses you.
You barely miss the wight.
You feel sick. The wight hits you but does no damage.
You are lethally poisoned!
The wight hits you with a cursed +5 dagger.
* * * LOW HITPOINT WARNING * * *
You barely miss the wight.
* * * LOW HITPOINT WARNING * * *
You feel sick.
The wight hits you from afar with a cursed +0 halberd of venom!
You die...

...............#
..............#
..............#
###...##......##
#...##...#.... ##
#...##..## #.. ..
#...#..## #..
#.### #...#..#
##. #.s###.....##
#. ###zz......#
#. ##.......## #.
##.......# ##.
#..#....## ##..
#..##....###...
#..####.........
#...............#
...............##


You could see 2 wights.

Vanquished Creatures
  Edmund (D:6)
  A water moccasin (D:7)
  An orc warrior (D:7)
  A necrophage (D:7)
  2 ogres
  A sky beast (D:7)
  2 centaurs (D:7)
  2 bullfrogs
  2 water moccasin skeletons
  2 scorpions
  4 killer bees (D:7)
  A wight (D:8)
  A howler monkey (D:4)
  3 hounds
  A gnoll shaman (D:7)
  4 orc wizards
  2 orc priests
  Jessica (D:3)
  Terence (D:2)
  5 worker ants
  A hound zombie (D:5)
  2 worker ant zombies (D:7)
  6 gnolls
  3 adders
  A white imp (D:6)
  An ufetubus (D:7)
  3 oozes
  5 adder skeletons
  2 worms (D:2)
  2 dart slugs
  7 leopard geckos
  20 orcs
  4 bats
  8 giant cockroaches
  9 goblins
  11 hobgoblins
  5 jackals (D:7)
  5 quokkas
  A ball python (D:1)
  3 frilled lizards
  8 kobolds
  A leopard gecko skeleton (D:7)
  2 quokka skeletons (D:4)
  3 rats
151 creatures vanquished.

Vanquished Creatures (others)
  A fungus (D:5)
1 creature vanquished.

Grand Total: 152 creatures vanquished

Notes
Turn   | Place    | Note
-------+----------+-------------------------------------------
     0 | D:1      | JayTheAdventurer the Octopode Transmuter began the quest
                  | for the Orb.
     0 | D:1      | Reached XP level 1. HP: 13/13 MP: 3/3
   452 | D:1      | Reached XP level 2. HP: 13/18 MP: 3/5
   768 | D:1      | Found a snail-covered altar of Cheibriados.
  1061 | D:1      | Reached XP level 3. HP: 23/23 MP: 3/6
  1337 | D:1      | Learned a level 3 spell: Spider Form
  1340 | D:1      | Learned a level 2 spell: Wereblood
  1347 | D:2      | Found a stormy altar of Qazlal.
  1347 | D:2      | Noticed a fire elemental
  1348 | D:2      | Noticed an earth elemental
  1348 | D:2      | Noticed a water elemental
  1348 | D:2      | Noticed an air elemental
  1362 | D:2      | Noticed Sigmund
  1422 | D:2      | Reached skill level 1 in Stealth
  1792 | D:2      | Found a broken altar of Ashenzari.
  1818 | D:2      | Reached XP level 4. HP: 29/29 MP: 5/7
  2098 | D:2      | Noticed Terence
  2112 | D:2      | Killed Terence
  3189 | D:3      | Reached skill level 1 in Poison Magic
  3468 | D:3      | Reached XP level 5. HP: 34/34 MP: 6/8
  3627 | D:3      | Noticed Jessica
  3640 | D:3      | Killed Jessica
  4708 | D:4      | Found a staircase to the Ecumenical Temple.
  4741 | Temple   | Entered the Ecumenical Temple
  4970 | Temple   | Became a worshipper of Sif Muna the Loreminder
  5004 | D:4      | Reached XP level 6. HP: 32/41 MP: 8/10
  5077 | D:4      | Found a shadowy altar of Dithmenos.
  5093 | D:4      | Learned a level 4 spell: Ice Form
  6243 | D:4      | Found a snail-covered altar of Cheibriados.
  6430 | D:5      | Entered Level 5 of the Dungeon
  6466 | D:5      | Reached skill level 1 in Invocations
  6466 | D:5      | Reached XP level 7. HP: 29/45 MP: 9/11
  6607 | D:5      | Reached skill level 1 in Ice Magic
  6661 | D:5      | Found a blossoming altar of Fedhas.
  7942 | D:5      | Found a stormy altar of Qazlal.
  7962 | D:5      | Found a burning altar of Makhleb.
  7963 | D:5      | Found the +15 Maxwell's patent armour {-Cast -Tele rElec
                  | Will+ rCorr}
  7964 | D:5      | Found a shadowy altar of Dithmenos.
  7964 | D:5      | Found a shimmering altar of Xom.
  7966 | D:5      | Found a shimmering altar of Xom.
  7966 | D:5      | Found a shimmering blue altar of Sif Muna.
  7966 | D:5      | Found a broken altar of Ashenzari.
  8378 | D:6      | Reached XP level 8. HP: 50/52 MP: 10/13
  8562 | D:6      | Noticed Edmund
  8579 | D:6      | Killed Edmund
  9055 | D:6      | Found a hazy altar of Hepliaklqana.
  9107 | D:7      | Reached * piety under Sif Muna
  9746 | D:7      | Found Goyvyic's Antique Armour Shoppe.
  9759 | D:7      | Reached skill level 5 in Stealth
  9759 | D:7      | Reached XP level 9. HP: 44/58 MP: 12/14
  9782 | D:7      | Reached skill level 5 in Unarmed Combat
 11161 | D:8      | Slain by a wight

Illustrated notes

Levels and vault maps discovered:
D:1:      erik_arrival_blinker_ship, layout_basic, kennysheep_small_spiral,
          cheibriados_altar_1
D:2:      layout_loops_ring, nicolae_ashenzari_panopticon,
          nicolae_qazlal_style_of_elements, uniq_terence, uniq_sigmund
D:3:      layout_loops_ring, uniq_jessica
D:4:      layout_loops_ring, nicolae_overflow_hidden_temple, old_standard_altar,
          minmay_temple_entry_ruins
D:5:      layout_loops_cross, doesnt_xom_only_xom, fedhas_altar_3,
          kennysheep_mini, minmay_fountain_box
D:6:      layout_loops_cross, lemuel_coloured_pillars_altar, uniq_edmund
D:7:      layout_basic, serial_shops, nicolae_shop_competitors_out_of_business,
          minmay_starry_boxes
D:8:      kennysheep_steamy, layout_layer_cave, ebering_ghost_xom, basic_altar
Temple:   regret_index_temple_generic_petals

Skill      XL: |  1  2  3  4  5  6  7  8  9 |
---------------+----------------------------+-----
Stealth        | 1 2 3 5 |  5.4
Poison Magic   | 1 2 3 4 |  4.4
Fighting       | 2 3 4 |  4.2
Dodging        | 3 4 |  4.8
Transmutations | 3 4 |  4.5
Unarmed Combat | 4 5 |  5.1
Spellcasting   | 3 4 |  4.1
Invocations    | 1 2 3 |  3.5
Ice Magic      | 1 2 3 |  3.2

Action                   |  1- 3 |  4- 6 |  7- 9 || total
-------------------------+-------+-------+-------++-------
Melee: Unarmed           |    79 |   128 |   240 ||   447
       Constrict         |    20 |    35 |     9 ||    64
       Tentacles         |    15 |    17 |     8 ||    40
       Kick              |    16 |    29 |    18 ||    63
       Punch             |     1 |     3 |     1 ||     5
 Cast: Beastly Appendage |    25 |    28 |    15 ||    68
       Spider Form       |       |     2 |    25 ||    27
  Use: Scroll            |       |     9 |     9 ||    18
       Potion            |       |     2 |     4 ||     6
 Stab: Sleeping          |     6 |     4 |     7 ||    17
Armor: Skin              |     3 |     4 |     9 ||    16
Dodge: Dodged            |    52 |    80 |   196 ||   328
